 Dungeon Crawl Stone Soup version 0.27.0-1-g7a089689b8 (webtiles) character file.

Game seed: 17928550543579294375

25 ZombieSheep the Magician (level 3, -1/28 HPs)
             Began as a Gnoll Wanderer on Aug 6, 2021.
             Was a Follower of Jiyva.
             Slain by a gnoll shaman (4 damage)
             ... on level 2 of the Dungeon.
             The game lasted 00:03:11 (1504 turns).

ZombieSheep the Magician (Gnoll Wanderer)           Turns: 1504, Time: 00:03:12

Health: -1/28      AC:  9    Str: 11    XL:     3   Next: 4%
Magic:  11/11      EV: 12    Int: 10    God:    Jiyva [*.....]
Gold:   28         SH:  0    Dex: 13    Spells: 15/16 levels left

rFire    . . .     SeeInvis .     - Unarmed
rCold    . . .     Faith    .   (no shield)
rNeg     . . .     Spirit   .   i - +0 scale mail
rPois    .         Reflect  .   (no helmet)
rElec    .         Harm     .   (no cloak)
rCorr    .         Rampage  .   k - +2 pair of gloves
Will     .....                  (no boots)
Stlth    +.........             (no amulet)
HPRegen  0.09/turn              h - +4 ring of evasion
MPRegen  0.12/turn              (no ring)

@: no status effects
A: fangs 1, strong nose, distributed training
a: Renounce Religion, Request Jelly


You were on level 2 of the Dungeon.
You worshipped Jiyva.
Jiyva was aware of your devotion.
You visited 1 branch of the dungeon, and saw 2 of its levels.

You collected 28 gold pieces.

Inventory:

Hand Weapons
 a - a +0 dagger
 b - a +0 quarterstaff
Armour
 c - a +0 robe
 d - a +0 kite shield
 i - a +0 scale mail (worn)
 k - a +2 pair of gloves (worn)
Jewellery
 h - a +4 ring of evasion (left hand)
Scrolls
 e - 2 scrolls of identify
 g - a scroll of immolation
Potions
 j - a potion of curing {unknown}


   Skills:
 + Level 2.5 Fighting
 + Level 0.5 Short Blades
 + Level 0.5 Long Blades
 + Level 0.5 Axes
 + Level 0.5 Maces & Flails
 + Level 0.5 Polearms
 + Level 0.5 Staves
 + Level 0.5 Slings
 + Level 0.5 Bows
 + Level 0.5 Crossbows
 + Level 0.5 Throwing
 + Level 0.5 Armour
 + Level 0.5 Dodging
 + Level 2.3 Stealth
 + Level 2.5 Shields
 + Level 6.5 Unarmed Combat
 + Level 7.1 Spellcasting
 + Level 0.4 Conjurations
 + Level 0.4 Hexes
 + Level 0.4 Summonings
 + Level 0.4 Necromancy
 + Level 0.4 Translocations
 + Level 0.4 Transmutations
 + Level 0.4 Fire Magic
 + Level 0.4 Ice Magic
 + Level 0.4 Air Magic
 + Level 0.4 Earth Magic
 + Level 0.4 Poison Magic
 + Level 0.7 Invocations
 + Level 2.5 Evocations


You had 15 spell levels left.
You knew the following spells:

 Your Spells              Type           Power      Damage    Failure   Level
a - Sting                 Tmut/Pois      16%        1d3       67%         1

Your spell library contained the following spells:

 Spells                   Type           Power      Damage    Failure   Level
 Ignite Poison            Fire/Tmut/Pois 4%         N/A       96%         3


Dungeon Overview and Level Annotations

Branches:
Dungeon (2/15)

Altars:
Xom
Jiyva


Innate Abilities, Weirdness & Mutations

You have very sharp teeth.
Your uncanny sense of smell can sniff out nearby items.
Your experience applies equally to all skills.


Message History

You struggle against the net.
The gnoll barely misses you.
You rip the net and break free!
The gnoll hits you from afar with a +0 spear.
The gnoll hits you from afar with a +2 vampiric spear.
* * * LOW HITPOINT WARNING * * *
The gnoll throws a throwing net.
The throwing net hits you.
You become entangled in the net!
The jelly hits the gnoll.
The gnoll is splashed with acid!
You see here a throwing net.
You tear a large gash into the net.
The gnoll hits the jelly with a +0 spear!
The acid corrodes the gnoll!
The gnoll is burned by acid!
The jelly barely misses the gnoll.
The gnoll hits you from afar with a +2 vampiric spear.
* * * LOW HITPOINT WARNING * * *
You shred the net and break free!
The jelly hits the gnoll but does no damage.
The gnoll barely misses you.
The jelly barely misses the gnoll.
The jelly hits the gnoll.
The gnoll is splashed with acid.
The gnoll dies!
Jiyva's power touches on your attributes.
You feel stronger.
You feel stupid.
As you read the scroll of teleportation, it crumbles to dust.
You feel strangely unstable.
You hear a slurping noise.
The gnoll barely misses you.
The jelly hits the gnoll but does no damage.
Your surroundings suddenly seem different.
A gnoll comes into view. It is wielding a +0 spear.
The gnoll shouts!
A gnoll comes into view. It is wielding a +0 halberd.
The gnoll shouts!
A gnoll comes into view. It is wielding a +0 spear.
The gnoll shouts!
The gnoll hits you from afar with a +0 spear.
* * * LOW HITPOINT WARNING * * *
The gnoll shaman hits you with a whip.
You die...

#...♣.♣♣....#
#....♣♣♣....#########
#...................#
##..................#
#####..............#
#..............#
###...g........#
#..g..^g.....#
#.....@......#
#....g.......#
#............#
#............#
#............#
#............#
##############


You could see a gnoll shaman and 3 gnolls.

Vanquished Creatures
  A dart slug (D:1)
  3 bats (D:2)
  An endoplasm (D:2)
  2 goblins (D:2)
  3 hobgoblins
  3 quokkas
  4 ball pythons (D:2)
  A kobold (D:2)
  A rat (D:2)
19 creatures vanquished.

Vanquished Creatures (others)
  A gnoll (D:2)
  An endoplasm (D:2)
  A goblin (D:2)
  A rat (D:2)
4 creatures vanquished.

Grand Total: 23 creatures vanquished

Notes
Turn   | Place    | Note
-------+----------+-------------------------------------------
     0 | D:1      | ZombieSheep the Gnoll Wanderer began the quest for the Orb.
     0 | D:1      | ZombieSheep set off with the following items: a +0 dagger,
                  | a +0 quarterstaff, a +0 robe, a +0 kite shield; and the
                  | following spell memorised: Sting; and the following spells
                  | available to memorise: Ignite Poison
     0 | D:1      | Reached XP level 1. HP: 17/17 MP: 8/8
   795 | D:1      | Reached XP level 2. HP: 13/23 MP: 10/10
  1254 | D:2      | Found a shimmering altar of Xom.
  1311 | D:2      | Found a faded altar of an unknown god.
  1344 | D:2      | Became a worshipper of Jiyva Joos the Shapeless
  1344 | D:2      | Reached * piety under Jiyva
  1467 | D:2      | Reached XP level 3. HP: 23/28 MP: 11/11
  1504 | D:2      | Slain by a gnoll shaman

Illustrated notes

Levels and vault maps discovered:
D:1:      dpeg_arrival_rooms_c, layout_loops_corners
D:2:      layout_basic, basic_ecumenical_altar, basic_altar, chequers_garden

Action                   || total
-------------------------++-------
Melee: Unarmed           ||    61
       Bite              ||     5
  Use: Scroll            ||     3
 Stab: Sleeping          ||     1
Armor: Robe              ||     2
       Scale mail        ||    16
Dodge: Dodged            ||    61
